 Dungeon Crawl Stone Soup version 0.30-a0-956-gcec3b41aec (webtiles) character file.

Game seed: 7527268650697121999

40 Dirtsage the Chopper (level 3, -1/29 HPs)
             Began as a Demonspawn Fighter on Mar 29, 2023.
             Slain by Terence
             ... wielding a +0 flail
              (7 damage)
             ... on level 2 of the Dungeon.
             The game lasted 00:02:32 (1571 turns).

Dirtsage the Chopper (Demonspawn Fighter)           Turns: 1571, Time: 00:02:32

Health: -1/29      AC:  6    Str: 18    XL:     3   Next: 30%
Magic:  3/3        EV:  9    Int:  9    God:
Gold:   145        SH:  8    Dex: 12    Spells: 2/2 levels left

rFire   . . .      SeeInvis .    a - +0 war axe
rCold   . . .      Faith    .    c - +0 buckler
rNeg    . . .      Spirit   .    b - +0 scale mail
rPois   .          Reflect  .    (no helmet)
rElec   .          Rampage  .    (no cloak)
rCorr   .                        (no gloves)
Will    .....                    (no boots) Stlth
                                 (no amulet)
HPRegen 0.24/turn                (no ring)
MPRegen 0.08/turn                (no ring)

@: no status effects
A: large bone plates 1
a: no special abilities


You were on level 2 of the Dungeon.
You visited 1 branch of the dungeon, and saw 3 of its levels.

You collected 145 gold pieces.

Inventory:

Hand Weapons
 a - a +0 war axe (weapon)
Armour
 b - a +0 scale mail (worn)
 c - a +0 buckler (worn)
Magical Staves
 s - a staff of poison
Scrolls
 e - 4 scrolls of identify {unknown}
 g - 3 scrolls of fog {unknown}
 j - a scroll of poison {unknown}
 k - 2 scrolls of magic mapping {unknown}
 n - a scroll of vulnerability {unknown}
 o - a scroll of blinking {unknown}
 t - a scroll of amnesia {unknown}
Potions
 d - 3 potions of might
 f - a potion of degeneration {unknown}
 h - a potion of attraction {unknown}
 i - a potion of brilliance {unknown}
 l - a potion of magic {unknown}
 m - a potion of resistance {unknown}
 p - a potion of flight {unknown}
 q - a potion of curing {unknown}
 r - a potion of mutation {unknown}


   Skills:
 - Level 3.0 Fighting
 + Level 3.4 Axes
 - Level 2.6 Armour
 - Level 2.6 Shields


You had 2 spell levels left.
You didn't know any spells.
Your spell library contained the following spells:

 Spells                   Type           Power      Damage    Failure   Level
 Shock                    Conj/Air       0%         1d3       86%         1
 Swiftness                Air            0%         N/A       99%         3
 Airstrike                Air            0%         2d(0-16)  100%        4


Dungeon Overview and Level Annotations

Branches:
Dungeon (3/15)

Altars:

Shops:
D:1 :

Annotations:
D:2 Terence


Innate Abilities, Weirdness & Mutations

You are partially covered in large bone plates. (SH +4)


Message History

The orc shouts!
An endoplasm comes into view.
The orc wizard hits you with a +0 dagger.
Terence hits you with a +0 flail!
You take 11 damage, and have 18/29 hp.
MASSIVE DAMAGE!!
The orc wizard attacks as you move away!
The orc wizard hits you with a +0 dagger.
Terence attacks as you move away! You block Terence's attack.
A goblin comes into view. It is wielding a +1 vampiric dagger.
You take 2 damage, and have 16/29 hp.
Terence attacks as you move away! Terence hits you with a +0 flail.
The orc wizard attacks as you move away!
You block the orc wizard's attack.
You see here a +0 club.
You take 4 damage, and have 12/29 hp.
The orc attacks as you move away! The orc closely misses you.
Terence attacks as you move away! You block Terence's attack.
The orc wizard casts a spell.
The orc wizard flickers and vanishes!
Deactivating autopickup; reactivate with Ctrl-A.
Terence attacks as you move away! Terence hits you with a +0 flail.
The orc wizard gestures wildly while chanting.
The orc wizard flickers and vanishes!
You take 4 damage, and have 9/29 hp.
The orc wizard mumbles some strange words.
The orc wizard flickers and vanishes!
Terence attacks as you move away! Terence hits you with a +0 flail.
* * * LOW HITPOINT WARNING * * *
You take 6 damage, and have 4/29 hp.
MASSIVE DAMAGE!!
Terence attacks as you move away! Terence closely misses you.
Things that are here:
a +3 dagger; a +0 leather armour
There is a stone staircase leading up here.
Terence barely misses you.
You climb upwards.
Reactivating autopickup.
There is a stone staircase leading down here.
You barely miss Terence. Terence closely misses you.
Terence hits you with a +0 flail!
You die...

#..############# #.#
#..............# #.#
#...........##.######>#
#..#######.........##.#
#..#######..##.###.##.#
#....[......##.###.##.#
#..#######.#.....#.##.#
#########..#######.#..........#
.............<..@....#...#.####
########........@....÷...#.#
#.#########.#÷....#.# #.#
#.##..###.# #.# #.##..###.# #.#
#...#.....# #.#
#######.###.#### ######.#
#......## ##.# #......##
#.###<#.###..#


You could see Terence.

Vanquished Creatures
  6 orcs (D:3)
  2 endoplasms
  2 giant cockroaches (D:2)
  A goblin (D:1)
  3 hobgoblins
  4 quokkas
  8 ball pythons
  A bat (D:2)
  A kobold (D:1)
  A rat (D:1)
29 creatures vanquished.

Vanquished Creatures (others)
  5 toadstools (D:1)
5 creatures vanquished.

Grand Total: 34 creatures vanquished

Notes
Turn   | Place    | Note
-------+----------+-------------------------------------------
     0 | D:1      | Dirtsage the Demonspawn Fighter began the quest for the
                  | Orb.
     0 | D:1      | Reached XP level 1. HP: 18/18 MP: 1/1
   151 | D:1      | Gained mutation: You are partially covered in large bone
                  | plates. (SH +4) [demonic ancestry]
   151 | D:1      | Reached XP level 2. HP: 24/24 MP: 2/2
   561 | D:1      | Found a faded altar of an unknown god.
   739 | D:1      | Found Jomufeh's Book Emporium.
  1487 | D:3      | Reached XP level 3. HP: 29/29 MP: 3/3
  1550 | D:3      | Noticed Terence
  1571 | D:2      | Slain by Terence

Illustrated notes

Levels and vault maps discovered:
D:1:      ldierk_walled_garden, layout_basic,
          hellmonk_ecumenical_altar_prayer_group, serial_shops,
          nicolae_shop_behind_doors, grunt_decor_cap
D:2:      layout_loops_ring
D:3:      layout_rooms, nicolae_sif_muna_little_library,
          nicolae_overflow_ecumenical_swirl, nicolae_overflow_crystal_walls,
          portal_sewer_entry_d, uniq_terence, uniq_jessica

Skill      XL: |  1  2 |
---------------+-------+-----
Axes           | 2 3 |  3.4
Fighting       | |  3.0
Armour         | |  2.6
Shields        | |  2.6

Action                     || total
---------------------------++-------
  Melee: War axe           ||    73
 Armour: Scale mail        ||    19
  Dodge: Dodged            ||    32
  Block: Buckler           ||    46

Table legend: (Time is in decaauts)
 A = Elapsed time spent in this place.
 B = Non-inter-level travel time spent in this place.
 C = Inter-level travel time spent in this place.
 D = Time resting spent in this place.
 E = Time spent auto-exploring this place.
 F = Levels seen in this place.
 G = Mean time per level.
                   A        B        C        D        E       F      G
               +--------+--------+--------+--------+--------+-----+--------+
         Total |   1602 |   1548 |     54 |      0 |   1337 |   3 |  534.0 |
       Dungeon |   1602 |   1548 |     54 |      0 |   1337 |   3 |  534.0 |
               +--------+--------+--------+--------+--------+-----+--------+

Top non-repeatable levels by time:
     D:1: 794 daAuts
     D:2: 712 daAuts
     D:3: 95 daAuts
